 Dungeon Crawl Stone Soup version 0.24.0-37-gcf1ca852f1 (webtiles) character file.

Game seed: 16664297203550485608, levelgen mode: deterministic

2639 FishyPogo the Magician (level 9, -1/66 HPs)
             Began as a Grey Draconian Air Elementalist on Nov 24, 2019.
             Was a Believer of Hepliaklqana.
             Slain by a two-headed ogre
             ... wielding a +0 giant club
              (15 damage)
             ... on level 8 of the Dungeon.
             The game lasted 00:32:37 (6449 turns).

FishyPogo the Magician (DrAE)                       Turns: 6449, Time: 00:32:39

Health: -1/66      AC: 13    Str: 10    XL:     9   Next: 35%
Magic:  11/19      EV: 14    Int: 19    God:    Hepliaklqana [**....]
Gold:   348        SH:  0    Dex: 14    Spells: 13/21 levels left

rFire    . . .     SeeInvis .   c - +1 whip (elec)
rCold    . . .     Gourm    +   (no shield)
rNeg     . . .     Faith    .   (armour unavailable)
rPois    .         Spirit   .   (helmet restricted)
rElec    .         Reflect  .   (no cloak)
rCorr    .         Harm     .   t - +0 pair of gloves
MR       +....                  (no boots)
Stlth    ++........             o - amulet of the gourmand
HPRegen  0.21/turn              x - +2 ring of dexterity
MPRegen  0.16/turn              f - ring of protection from magic

@: no status effects
A: walk through water, unfitting armour, reduced essence, unbreathing,
cold-blooded, AC +12
a: Recall Ancestor, Ancestor Identity, Renounce Religion


You were on level 8 of the Dungeon.
You worshipped Hepliaklqana.
Hepliaklqana was pleased with you.
You were not hungry.

You visited 2 branches of the dungeon, and saw 9 of its levels.
You also visited: Bailey.

You collected 444 gold pieces.
You spent 96 gold pieces at shops.

Inventory:

Hand Weapons
 c - a +1 whip of electrocution (weapon)
 g - a +1 dagger
Missiles
 h - 222 stones (quivered)
 p - 7 boomerangs
 u - 22 poisoned darts
Armour
 t - a +0 pair of gloves (worn)
Jewellery
 f - a ring of protection from magic (right hand)
 o - an amulet of the gourmand (around neck)
 x - a +2 ring of dexterity (left hand)
Wands
 y - a wand of iceblast (7)
 A - a wand of disintegration (7)
Scrolls
 a - 13 scrolls of identify {unknown}
 d - a scroll of amnesia {unknown}
 e - 2 scrolls of remove curse
 i - a scroll of enchant armour
 l - a scroll of enchant weapon
 n - 6 scrolls of teleportation
 q - 3 scrolls of magic mapping
 v - a scroll of blinking {unknown}
 C - a scroll of fear {unknown}
Potions
 j - 6 potions of heal wounds
 k - 2 potions of berserk rage {unknown}
 m - 2 potions of degeneration {unknown}
 r - 5 potions of might
 s - a potion of magic {unknown}
 w - 3 potions of invisibility {unknown}
 z - a potion of brilliance {unknown}
 B - 2 potions of curing
 D - a potion of flight {unknown}
 F - a potion of haste
 G - a potion of experience {unknown}
Comestibles
 b - 14 rations
 E - 4 chunks of flesh


   Skills:
 + Level 5.1 Fighting
 + Level 4.8 Dodging
 - Level 2.0 Stealth
 + Level 6.9 Spellcasting
 - Level 4.0 Conjurations
 - Level 5.0 Air Magic
 + Level 4.4 Invocations


You had 13 spell levels left.
You knew the following spells:

 Your Spells              Type           Power        Failure   Level  Hunger
a - Shock                 Conj/Air       ###.         1%          1    None
b - Static Discharge      Conj/Air       ###.....     4%          3    #......
c - Airstrike             Air            ####......   13%         4    ###....

Your spell library contained the following spells:

 Spells                   Type           Power        Failure   Level  Hunger
 Swiftness                Chrm/Air       ###.....     5%          2    None
 Lightning Bolt           Conj/Air       ###.......   41%         5    #####..


Dungeon Overview and Level Annotations

Branches:
Dungeon (8/15)             Temple (1/1) D:4          Bailey (visited)
   Lair: D:8-11

Altars:
Ashenzari
Cheibriados
Dithmenos
Elyvilon
Fedhas
Gozag
Hepliaklqana
Kikubaaqudgha
Nemelex Xobeh
Okawaru
Qazlal
Ru
Sif Muna
Trog
Uskayaw
Vehumet
Wu Jian
Xom
Yredelemnul
Zin

Shops:
D:6 [:!

Annotations:
D:6 3 runed translucent doors, havocjr3's ghost, novice GnGl


Innate Abilities, Weirdness & Mutations

You can walk through water.
Your dull iron-grey scales are very hard. (AC +12)
You cannot fit into any form of body armour.
You can survive without breathing.
You are cold-blooded and may be slowed by cold attacks.
Your life essence is reduced to manifest your ancestor. (-10% HP)


Message History

Aiming: Shock (safe; 1% risk of failure)
Press: ? - help, Shift-Dir - straight line The zap hits the two-headed ogre.
The two-headed ogre is heavily wounded.
The zap hits the two-headed ogre.
The two-headed ogre is heavily wounded.
The two-headed ogre hits you with a +0 giant club.
The two-headed ogre hits you with a +0 giant club!!
Casting: Shock (safe; 1% risk of failure)
Confirm with . or Enter, or press ? or * to list all spells.
Aiming: Shock (safe; 1% risk of failure)
Press: ? - help, Shift-Dir - straight line The zap hits the two-headed ogre.
The two-headed ogre is heavily wounded.
The zap hits the two-headed ogre.
The two-headed ogre is heavily wounded.
The two-headed ogre hits you with a +0 giant club!
* * * LOW HITPOINT WARNING * * *
The two-headed ogre hits you with a +0 giant club!
You die...

###.#R###,* *,*******,,,,,⌠,,,,
....#.#8#,* *,,,,,,,,,****,****
#####.#∩#,# *****,,,,***,*,*,** #
#.8.#.# *,*,***,**,**,* # #)#.#Z#
*,*,,,,***,***, # #.#.8.#
*,,,,,,**,,,**, ##**#.#.#.#
*,#,,,,*,,*,,*,
..,,#.8.#.#########.#***,,,**,,,,
.#**#.#.#.#.....@O..# ******,,,,
.# #.#.8.#.######..# *,,*** .#
#.#.#.#.# *..# *,** .######'###.#
*..# *,* ...###..###.#
*..#*******,* .........[..#
*...,,,,,,,,* .......######
*..##***,**** ..####.# *..# *,*
..# #.# *,,* *,*


You could see a two-headed ogre.

Vanquished Creatures
  2 sky beasts
  2 orc warriors (Bailey)
  An ice beast (D:6)
  A phantom (D:6)
  4 ogres
  A centaur (D:7)
  A bullfrog (D:7)
  4 scorpions
  3 killer bees (D:8)
  A crimson imp (D:7)
  3 jellies
  A bullfrog zombie (D:8)
  A hound (D:6)
  A gnoll shaman (D:6)
  2 centaur skeletons (D:7)
  A bullfrog skeleton (D:6)
  2 iguanas
  An orc wizard (D:7)
  4 worker ants
  A hound skeleton (D:8)
  9 gnolls
  6 adders
  2 oozes (D:1)
  An adder skeleton (D:8)
  2 worms (D:3)
  A dart slug (D:5)
  6 leopard geckos
  23 orcs
  6 bats
  4 giant cockroaches
  6 goblins
  5 hobgoblins
  4 jackals
  8 kobolds
  A quokka (D:5)
  3 frilled lizards
  A giant cockroach zombie (D:6)
  A leopard gecko skeleton (D:6)
  2 leopard gecko zombies
  8 rats
136 creatures vanquished.

Vanquished Creatures (collateral kills)
  A hungry ghost (D:7)
  2 orc warriors (Bailey)
  A crimson imp (D:6)
  2 hounds
  An orc wizard (D:5)
  A killer bee zombie (D:5)
  An adder (D:7)
  2 gnolls (D:6)
  9 orcs
  2 giant cockroaches
  3 jackals (D:6)
25 creatures vanquished.

Vanquished Creatures (others)
  3 hexers
  A gnoll (D:6)
  3 ancestors
7 creatures vanquished.

Grand Total: 168 creatures vanquished

Notes
Turn   | Place    | Note
-------+----------+-------------------------------------------
     0 | D:1      | FishyPogo the Draconian Air Elementalist began the quest
                  | for the Orb.
     0 | D:1      | Reached XP level 1. HP: 14/14 MP: 3/3
   359 | D:1      | Reached XP level 2. HP: 19/20 MP: 3/5
   641 | D:2      | Reached XP level 3. HP: 26/26 MP: 4/6
   667 | D:2      | Learned a level 3 spell: Static Discharge
  1061 | D:2      | Found a bloodstained altar of Trog.
  1345 | D:2      | Reached XP level 4. HP: 33/33 MP: 2/7
  2102 | D:3      | Reached XP level 5. HP: 38/38 MP: 7/9
  2387 | D:3      | Found a shattered altar of Ashenzari.
  2903 | D:4      | Reached skill level 3 in Spellcasting
  3179 | D:4      | Found a staircase to the Ecumenical Temple.
  3185 | Temple   | Entered the Ecumenical Temple
  3298 | Temple   | Became a worshipper of Hepliaklqana the Forgotten
  3426 | D:5      | Entered Level 5 of the Dungeon
  3442 | D:5      | Reached skill level 5 in Air Magic
  3498 | D:5      | Reached XP level 6. HP: 40/40 MP: 3/11
  3740 | D:6      | Noticed havocjr3's ghost (novice GnGl)
  3741 | D:6      | Noticed a yak
  3743 | D:6      | Noticed a manticore
  3759 | D:5      | HP: 1/40 [killer bee zombie (3)]
  3760 | D:5      | Reached skill level 4 in Spellcasting
  3760 | D:5      | Your scales start taking on a dull iron-grey colour.
  3760 | D:5      | Reached XP level 7. HP: 1/45 MP: 1/13
  3760 | D:5      | Gained mutation: You can survive without breathing. [Grey
                  | Draconian growth]
  3875 | D:5      | Reached skill level 5 in Air Magic
  3926 | D:5      | Reached * piety under Hepliaklqana
  4080 | D:5      | Found a sparkling altar of Nemelex Xobeh.
  4080 | D:5      | Found a basalt altar of Yredelemnul.
  4086 | D:5      | Found a hide-covered altar of Uskayaw.
  4088 | D:5      | Found a blossoming altar of Fedhas.
  4090 | D:5      | Found a sacrificial altar of Ru.
  4275 | D:6      | Found a sacrificial altar of Ru.
  4300 | D:6      | Found Etuip's Antique Armour Shoppe.
  4350 | D:6      | Reached skill level 5 in Spellcasting
  4386 | D:6      | Reached skill level 1 in Fighting
  4393 | D:6      | Reached XP level 8. HP: 20/54 MP: 4/16
  4451 | D:6      | Found a runed translucent gate.
  4454 | D:6      | Found a runed translucent gate.
  4455 | D:6      | Found a runed translucent gate.
  4469 | D:6      | Found Uxzuluigg's Book Emporium.
  4504 | D:6      | Found Wuvir's Assorted Antiques.
  4594 | D:6      | Learned a level 4 spell: Airstrike
  4596 | D:6      | Found Buoranof's Distillery.
  4599 | D:6      | Bought a potion of heal wounds for 60 gold pieces
  4599 | D:6      | Bought a potion of curing for 36 gold pieces
  4655 | D:6      | Reached skill level 1 in Invocations
  4892 | D:7      | Reached ** piety under Hepliaklqana
  4893 | D:7      | Remembered your ancestor Eideard as a hexer
  4996 | D:7      | Found an opulent altar of Gozag.
  5002 | D:7      | Found a snail-covered altar of Cheibriados.
  5047 | D:7      | Reached skill level 6 in Spellcasting
  5454 | D:7      | Reached XP level 9. HP: 33/63 MP: 18/18
  5867 | D:8      | Found a flagged portal.
  5936 | Bailey   | Entered a bailey
  6226 | Bailey   | Reached skill level 5 in Fighting
  6374 | Bailey   | Noticed an orc knight
  6376 | Bailey   | Noticed an orc knight
  6439 | D:8      | Noticed a two-headed ogre
  6449 | D:8      | Slain by a two-headed ogre

Levels and vault maps discovered:
D:1:      giann_forest_graveyard, layout_rooms
D:2:      layout_loops_corners, bloody_trog, minmay_tromino_i2
D:3:      layout_loops_ring, lemuel_coloured_pillars_altar
D:4:      layout_loops_corners, minmay_temple_entry_enclosed_plants,
          first_ration
D:5:      layout_cave_pools, chequers_temple_overflow_minitemple,
          minmay_misc_feat_room, kennysheep_generic_room_4
D:6:      layout_rooms, gammafunk_ghost_split, serial_shops, shop, shop, shop,
          kennysheep_mini_moat, nicolae_ru_path_of_blood
D:7:      layout_gridville, grunt_temple_overflow_open
D:8:      layout_loops_ring, bloody_makhleb, enter_bailey_8, grunt_pizzeria,
          kb_rosetta
Temple:   jpeg_temple_clearing

Skill      XL: |  1  2  3  4  5  6  7  8  9 |
---------------+----------------------------+-----
Stealth        | 2 |  2.0
Dodging        | 2 4 |  4.8
Conjurations   | 2 3 4 |  4.0
Air Magic      | 4 5 4 5 |  5.0
Spellcasting   | 3 4 5 6 |  6.9
Fighting       | 1 4 5 |  5.1
Invocations    | 3 4 |  4.4

Action                   |  1- 3 |  4- 6 |  7- 9 || total
-------------------------+-------+-------+-------++-------
Melee: Unarmed           |    13 |       |       ||    13
       Tailslap          |     5 |     2 |    18 ||    25
       Dagger            |    43 |    19 |    62 ||   124
       Scimitar          |       |     1 |       ||     1
       Whip              |       |       |    45 ||    45
 Cast: Shock             |    74 |    86 |   123 ||   283
       Static Discharge  |       |     2 |     5 ||     7
       Airstrike         |       |       |    14 ||    14
Invok: Ancestor Life: He |       |       |     1 ||     1
       Recall Ancestor   |       |       |     1 ||     1
  Use: Scroll            |       |     5 |     2 ||     7
       Potion            |       |       |     1 ||     1
 Stab: Sleeping          |       |     1 |       ||     1
       Distracted        |       |       |     1 ||     1
  Eat: Chunk             |     2 |     5 |    14 ||    21
       Ration            |       |     1 |       ||     1
Armor: Skin              |    23 |     9 |    77 ||   109
Dodge: Dodged            |    60 |    42 |   150 ||   252
